Map: [ESL] Waterfall

Players

Dolan

  • Race: Terran Terran
  • Spawn Location: 7:00

Spirit - Winner!

  • Race: Terran Terran
  • Spawn Location: 1:00

Event: DreamHack SC2 Masters 2022 Valencia

VOD

Have the link to the VOD?

Description

Time

  • Played on: July 1, 2022, 11:24 a.m.
  • Length: 7:15

All games in this series

Show
View Real Time Build Order
Export as new Build Order

Dolan Terran 

Build Orders: 1/1/1 

Get SALT Encoding   

  12  0:00  SCV  
  13  0:12  SCV  
  14  0:16  Supply Depot  
  14  0:24  SCV  
  14  0:27  Refinery  
  15  0:38  SCV  
  16  0:44  Barracks  
  16  0:50  SCV  
  16  0:54  Refinery  
  17  1:02  SCV  
  18  1:14  SCV  
  19  1:31  Orbital Command, Barracks Reactor  
  19  1:34  Factory  
  19  1:43  Supply Depot  
  19  1:57  SCV  
  20  2:07  Reaper x2  
  22  2:09  SCV  
  23  2:18  Hellion  
  25  2:24  Starport  
  21  2:39  Reaper x2  
  19  2:52  Hellion  
  19  2:57  SCV  
  22  3:13  Widow Mine  
  22  3:18  Reaper  
  22  3:19  Reaper  
  25  3:21  SCV  
  26  3:37  Hellion  
  26  3:38  Medivac  
  30  3:45  SCV  
  31  4:08  Hellion, Reaper x2  
  35  4:13  SCV  
  36  4:22  Starport Tech Lab  
  36  4:25  SCV, Command Center  
  30  4:55  SCV  
  30  4:57  Raven, Factory Tech Lab  
  31  5:03  Marine x2  
  31  5:07  SCV  
  32  5:16  Cyclone  
  32  5:19  SCV  
  32  5:21  Marine x2  
  38  5:31  SCV  
  39  5:37  Orbital Command  
  39  5:38  Refinery  
  39  5:42  Raven  
  41  5:57  SCV, Marine x2  
  41  6:00  Siege Tank  
  41  6:03  SCV  
  43  6:14  Marine  
  43  6:15  Marine  
  43  6:22  SCV x2  
  45  6:32  Siege Tank  
  47  6:53  SCV  
  47  6:54  SCV, Command Center  
Show
View Real Time Build Order
Export as new Build Order

Spirit Terran - Winner!

Build Orders:  

Get SALT Encoding   

  12  0:00  SCV  
  13  0:14  Supply Depot  
  13  0:17  SCV  
  14  0:36  Barracks  
  14  0:40  Refinery  
  14  0:55  Barracks  
  14  0:59  SCV  
  15  1:11  SCV  
  17  1:25  Orbital Command, Reaper  
  17  1:33  Refinery  
  17  1:42  Reaper  
  18  1:50  Supply Depot  
  19  1:54  SCV  
  19  2:00  Reaper  
  20  2:06  SCV  
  21  2:14  Reaper  
  22  2:18  SCV  
  23  2:30  SCV  
  23  2:34  Factory  
  24  2:37  Reaper  
  24  2:42  SCV  
  26  2:46  Reaper  
  26  2:54  SCV  
  26  2:56  Supply Depot  
  27  3:06  SCV  
  27  3:10  Reaper  
  29  3:19  SCV, Factory Tech Lab  
  28  3:21  Supply Depot  
  28  3:37  Cyclone  
  28  3:39  Marine  
  31  3:42  Starport  
  31  3:49  Command Center  
  32  3:55  SCV  
  30  4:07  SCV  
  30  4:09  Cyclone  
  34  4:17  Viking  
  34  4:21  SCV  
  34  4:23  Supply Depot  
  37  4:33  SCV  
  40  4:45  SCV  
  35  5:00  SCV  
  35  5:04  Factory Tech Lab  
  35  5:05  Command Center  
  35  5:06  Raven  
  37  5:12  Barracks Tech Lab, SCV  
  38  5:16  Barracks Reactor  
  38  5:17  Refinery  
  38  5:23  Orbital Command  
  38  5:24  SCV  
  39  5:30  Siege Tank  
  42  5:36  SCV  
  42  5:40  Marine  
  44  5:48  SCV  
  45  5:50  SCV  
  45  5:53  Marine x2  
  45  5:55  Raven  
  50  5:59  Supply Depot  
  50  6:00  SCV  
  50  6:02  SCV  
  52  6:12  SCV, Marine  
  52  6:14  SCV  
  52  6:18  Orbital Command  
  55  6:19  Siege Tank  
  55  6:21  Marine  
  55  6:22  Marine  
  55  6:24  SCV  
  61  6:26  SCV  
  61  6:31  Refinery  
  63  6:36  SCV  
  63  6:41  Marine  
  63  6:43  SCV  
  63  6:45  SCV  
  65  6:49  SCV  
  70  6:54  Marine  
  70  6:55  SCV, Supply Depot  
  70  6:59  SCV  
  70  7:01  SCV  

Tags
 
Add a new tag
Caveats
  • Supply blocks, unpowered buildings, or Contaminate may cause inaccurate times.
  • Supply counts are checked every 10 seconds.